 Dungeon Sprint DCSS version 0.27.0-1-g7a089689b8 (webtiles) character file.

Game seed: 926552201889271643

437 Groucho the Unseen (level 6, -5/28 HPs)
             Began as a Spriggan Enchanter on Aug 2, 2021.
             Slain by a centaur warrior (9 damage)
             ... in the Dungeon (Sprint I: "Red Sonja").
             The game lasted 00:02:44 (966 turns).

Groucho the Unseen (Spriggan Enchanter)              Turns: 966, Time: 00:02:44

Health: -5/28      AC:  2    Str:  6    XL:     6   Next: 69%
Magic:  16/18      EV: 17    Int: 16    God:
Gold:   52         SH:  0    Dex: 16    Spells: 15/21 levels left

rFire    . . .     SeeInvis +   a - +1 dagger
rCold    . . .     Faith    .   (shield restricted)
rNeg     . . .     Spirit   .   b - +0 robe
rPois    .         Reflect  .   (helmet restricted)
rElec    .         Harm     .   (no cloak)
rCorr    .         Rampage  .   (gloves unavailable)
Will     +....     NoTele   +   (boots unavailable)
Stlth    ++++++....             (no amulet)
HPRegen  0.09/turn              j - ring of flight
MPRegen  0.16/turn              (no ring)

@: flying, very quick
A: very small, no large weapons, unfitting armour, see invisible, speed 3
a: no special abilities


You were in the Dungeon.
You visited 1 branch You collected 297 gold pieces.
You spent 245 gold pieces at shops.

Inventory:

Hand Weapons
 a - a +1 dagger (weapon)
Missiles
 i - 6 stones (quivered)
Armour
 b - a +0 robe (worn)
Jewellery
 j - a ring of flight (left hand)
Wands
 g - a wand of polymorph (7)
Potions
 c - a potion of curing
 d - 2 potions of heal wounds
 e - a potion of haste
 f - 2 potions of magic


   Skills:
 - Level 1.1 Short Blades
 - Level 2.6 Dodging
 * Level 16.3 Stealth
 + Level 8.3 Spellcasting
 + Level 8.7 Hexes


You had 15 spell levels left.
You knew the following spells:

 Your Spells              Type           Power      Damage    Failure   Level
a - Corona                Hex            37%        N/A       1%          1
b - Ensorcelled Hibernat  Hex/Ice        40%        N/A       2%          2
c - Confusing Touch       Hex            34%        N/A       1%          3

Your spell library contained the following spells:

 Spells                   Type           Power      Damage    Failure   Level
 Tukima's Dance           Hex            34%        N/A       1%          3
 Dazzling Flash           Conj/Hex       40%        N/A       5%          3


Dungeon Overview and Level Annotations

Branches:
Dungeon (1/1)

Altars:
Cheibriados
Dithmenos
Elyvilon
Fedhas
Gozag
Hepliaklqana
Kikubaaqudgha
Nemelex Xobeh
Okawaru
Qazlal
Ru
Sif Muna
Trog
Uskayaw
Vehumet
Wu Jian
Yredelemnul
Zin
The Shining One

Shops:
D =


Innate Abilities, Weirdness & Mutations

You are very small and have problems with some larger weapons.
You are too small for most types of armour.
You have supernaturally acute eyesight. (SInv)
You cover ground extremely quickly. (Speed+++)


Message History

You start waiting.
You start waiting.
Done waiting.
You see here a +0 helmet.
Sorry, you're not good enough to have a special ability.
Unknown command.
Sorry, you're not good enough to have a special ability.
Unknown command.
Okay, then.
You remove your ring of flight.
You float gracefully downwards.
No target in view!
You fly up into the air.
j - a ring of flight (left hand)
You see here a +0 helmet.
You reach down and open the door.
A centaur warrior comes into view.
Blink to where?
Press: ? - help, Dir - move target
As you read the scroll of blinking, it crumbles to dust.
A centaur warrior comes into view.
The centaur warrior shouts! x2
The centaur warrior barely misses you.
The centaur warrior completely misses you.
The centaur warrior hits you. The centaur warrior kicks you.
Found a scroll of blinking and 21 gold pieces.
Casting: Ensorcelled Hibernation (safe; 2% risk of failure)
Confirm with . or Enter, or press ? or * to list all spells.
Aiming: Ensorcelled Hibernation (safe; 2% risk of failure)
Press: ? - help, Shift-Dir - straight line, f - centaur warrior
Aim: a centaur warrior, quivering arrows (purple smoke, chance to affect: 32%)
The centaur warrior easily resists.
The centaur warrior hits you! The centaur warrior kicks you.
* * * LOW HITPOINT WARNING * * *
The centaur warrior hits you.
* * * LOW HITPOINT WARNING * * *
The centaur warrior kicks you.
* * * LOW HITPOINT WARNING * * *
The centaur warrior hits you but does no damage.
The centaur warrior barely misses you. The centaur warrior hits you!
You die...

#############
#..'..#..'..#
)..#.)'..#..+
#####'#####'# ##
####..#...#.####§$#
#__####..##§#§§§§c#
#_____##'#_.'≈§§@§+
#_.∩...'..._#§≈§§c#
#_..__##_.#'##+####
#_____###+#.#
####### ###


You could see 2 centaur warriors.

Vanquished Creatures
  Sigmund (D)
  A yak (D)
  An ogre (D)
  A jelly (D)
  Ijyb (D)
5 creatures vanquished.

Vanquished Creatures (others)
  A gargoyle (D)
1 creature vanquished.

Grand Total: 6 creatures vanquished

Notes
Turn   | Place    | Note
-------+----------+-------------------------------------------
     0 | D        | Groucho the Spriggan Enchanter began the quest for the Orb.
     0 | D        | Reached XP level 1. HP: 9/9 MP: 5/5
     2 | D        | Noticed Ijyb
    16 | D        | Killed Ijyb
    17 | D        | Reached skill level 10 in Stealth
    17 | D        | Reached XP level 2. HP: 13/13 MP: 6/6
   225 | D        | Noticed an ogre
   227 | D        | Killed an ogre
   228 | D        | Reached skill level 12 in Stealth
   228 | D        | Reached skill level 5 in Hexes
   228 | D        | Reached XP level 3. HP: 16/16 MP: 7/10
   228 | D        | Reached XP level 4. HP: 21/21 MP: 7/11
   241 | D        | Noticed Sigmund
   255 | D        | Learned a level 2 spell: Ensorcelled Hibernation
   258 | D        | Killed Sigmund
   259 | D        | Reached skill level 14 in Stealth
   259 | D        | Reached XP level 5. HP: 21/24 MP: 5/15
   265 | D        | Learned a level 3 spell: Confusing Touch
   533 | D        | Found a shimmering blue altar of Sif Muna.
   534 | D        | Found an ornate altar of the Wu Jian Council.
   535 | D        | Found a radiant altar of Vehumet.
   540 | D        | Reached skill level 15 in Stealth
   540 | D        | Reached XP level 6. HP: 28/28 MP: 17/17
   576 | D        | Found Fakkires's Jewellery Emporium.
   576 | D        | Found an ancient bone altar of Kikubaaqudgha.
   576 | D        | Found a hazy altar of Hepliaklqana.
   576 | D        | Found a stormy altar of Qazlal.
   576 | D        | Found a hide-covered altar of Uskayaw.
   576 | D        | Found a blossoming altar of Fedhas.
   576 | D        | Found a bloodstained altar of Trog.
   576 | D        | Found an iron altar of Okawaru.
   576 | D        | Found a basalt altar of Yredelemnul.
   576 | D        | Found a glowing golden altar of the Shining One.
   576 | D        | Found a snail-covered altar of Cheibriados.
   576 | D        | Found a sacrificial altar of Ru.
   576 | D        | Found a glowing silver altar of Zin.
   576 | D        | Found a shadowy altar of Dithmenos.
   576 | D        | Found a white marble altar of Elyvilon.
   576 | D        | Noticed a yak
   593 | D        | Killed a yak
   594 | D        | Reached skill level 16 in Stealth
   602 | D        | Found an opulent altar of Gozag.
   603 | D        | Found a sparkling altar of Nemelex Xobeh.
   607 | D        | Bought a ring of flight for 245 gold pieces
   715 | D        | Killed a gargoyle
   965 | D        | Noticed a centaur warrior
   965 | D        | Noticed a centaur warrior
   966 | D        | Slain by a centaur warrior

Illustrated notes

Levels and vault maps discovered:
D:        dungeon_sprint_1 [red_sonja_temple_1, red_sonja_temple_small_1]

Skill      XL: |  1  2  3  4  5  6 |
---------------+-------------------+-----
Stealth        | 10 12 14 15 16 | 16.3
Spellcasting   | 4 7 8 |  8.3
Hexes          | 5 7 8 |  8.7
Short Blades   | |  1.1
Dodging        | |  2.6

Action                   |  1- 3 |  4- 6 || total
-------------------------+-------+-------++-------
Melee: Dagger            |     9 |     4 ||    13
 Cast: Ensorcelled Hiber |       |     8 ||     8
  Use: Potion            |     1 |       ||     1
       Scroll            |       |     1 ||     1
 Stab: Sleeping          |     2 |     3 ||     5
Armor: Robe              |       |     1 ||     1
Dodge: Dodged            |     3 |     5 ||     8
